BSA
ST CHARLES SHEENS @ VISTA PANTHERS
09/25/2024
 
TOP OF THE 1ST
St Charles Sheens batting - Pitching for Vista Panthers : RHP Sloan Otto
Pitching: RHP Sloan Otto
Batting: LHB Bob Ware 0-0: Fly out, F6 (Popup, 6D)
Batting: RHB Kel Pierce 0-0: Called Strike
0-1: Foul Ball, location: 2F
0-2: Foul Ball, location: 2F
0-2: Ball
1-2: Strikes out swinging
Batting: LHB Jeff Carter 0-0: Ball
1-0: Fly out, F8 (Flyball, 8RM)
Top of the 1st over - 0 run(s), 0 hit(s), 0 error(s), 0 left on base; St Charles 0 - Vista 0
BOTTOM OF THE 1ST
Vista Panthers batting - Pitching for St Charles Sheens : LHP Jacques Lang
Pitching: LHP Jacques Lang
Batting: RHB John Mendelson 0-0: Called Strike
0-1: Ball
1-1: Foul Ball, location: 2F
1-2: Ball
2-2: Foul Ball, location: 2F
2-2: Ball
3-2: Strikes out swinging
Batting: RHB Wilson López 0-0: Swinging Strike
0-1: Ball
1-1: Ball
2-1: Foul Ball, location: 2F
2-2: Ground out 4-3 (Groundball, 4M)
Batting: SHB Mark Wells 0-0: Ball
1-0: Ball
2-0: Called Strike
2-1: Foul Ball, location: 2F
2-2: Foul Ball, location: 2F
2-2: Ground out 6-3 (Groundball, 6)
Bottom of the 1st over - 0 run(s), 0 hit(s), 0 error(s), 0 left on base; St Charles 0 - Vista 0
TOP OF THE 2ND
St Charles Sheens batting - Pitching for Vista Panthers : RHP Sloan Otto
Batting: LHB Katsumi Morishita 0-0: Foul Ball, location: 2F
0-1: Foul Ball, location: 2F
0-2: Ball
1-2: Ground out 6-3 (Groundball, 6)
Batting: RHB Júlio Hernández 0-0: Ball
1-0: Ball
2-0: Ball
3-0: Called Strike
3-1: Fly out, F4 (Popup, 34D)
Batting: RHB Guo-xiu Choi 0-0: Called Strike
0-1: Foul Ball, location: 2F
0-2: Ball
1-2: Foul Ball, location: 2F
1-2: Ball
2-2: Foul Ball, location: 2F
2-2: Ground out 1-3 (Groundball, 25)
Top of the 2nd over - 0 run(s), 0 hit(s), 0 error(s), 0 left on base; St Charles 0 - Vista 0
BOTTOM OF THE 2ND
Vista Panthers batting - Pitching for St Charles Sheens : LHP Jacques Lang
Batting: RHB Roberto Cruz 0-0: Ball
1-0: Ball
2-0: Ball
3-0: Base on Balls
Batting: RHB Danny Crouch 0-0: Fly out, F6 (Popup, 6D)
Batting: RHB Alonso Sánchez 0-0: Foul Ball, location: 2F
0-1: Swinging Strike
0-2: Ball
1-2: Ball
2-2: SINGLE (Groundball, 6MD)
Roberto Cruz to second
Batting: RHB Andrew Good 0-0: Ball
1-0: Called Strike
1-1: Ball
2-1: 3-RUN HOME RUN (Flyball, 9D), Distance : 399 ft
Batting: RHB Salvador Salas 0-0: Fly out, F8 (Flyball, 8LD)
Batting: RHB Javier Deleón 0-0: Called Strike
0-1: Ground out 6-3 (Groundball, 6)
Bottom of the 2nd over - 3 run(s), 2 hit(s), 0 error(s), 0 left on base; St Charles 0 - Vista 3
TOP OF THE 3RD
St Charles Sheens batting - Pitching for Vista Panthers : RHP Sloan Otto
Batting: SHB Richard Bowman 0-0: Called Strike
0-1: Ball
1-1: Ball
2-1: Ball
3-1: Called Strike
3-2: Foul Ball, location: 2F
3-2: Ground out U3 (Groundball, 3S)
Batting: SHB Kyle MacGregor 0-0: Swinging Strike
0-1: Ball
1-1: Foul Ball, location: 2F
1-2: Strikes out looking
Batting: RHB Alfredo Rivera 0-0: Foul Ball, location: 2F
0-1: Foul Ball, location: 2F
0-2: Ball
1-2: Ground out 5-3 (Groundball, 56)
Top of the 3rd over - 0 run(s), 0 hit(s), 0 error(s), 0 left on base; St Charles 0 - Vista 3
BOTTOM OF THE 3RD
Vista Panthers batting - Pitching for St Charles Sheens : LHP Jacques Lang
Batting: RHB John Mendelson 0-0: Swinging Strike
0-1: Ground out 4-3 (Groundball, 4MS)
Batting: RHB Wilson López 0-0: Called Strike
0-1: Foul Ball, location: 2F
0-2: Strikes out swinging
Batting: SHB Mark Wells 0-0: Ball
1-0: Foul Ball, location: 2F
1-1: Fly out, F8 (Flyball, 8LXD)
Bottom of the 3rd over - 0 run(s), 0 hit(s), 0 error(s), 0 left on base; St Charles 0 - Vista 3
TOP OF THE 4TH
St Charles Sheens batting - Pitching for Vista Panthers : RHP Sloan Otto
Batting: LHB Bob Ware 0-0: Swinging Strike
0-1: Called Strike
0-2: Fly out, F9 (Flyball, 89XD)
Batting: RHB Kel Pierce 0-0: Called Strike
0-1: Ball
1-1: Ground out 6-3 (Groundball, 6M)
Batting: LHB Jeff Carter 0-0: Ball
1-0: Called Strike
1-1: Ball
2-1: Fly out, F5 (Popup, 5SF)
Top of the 4th over - 0 run(s), 0 hit(s), 0 error(s), 0 left on base; St Charles 0 - Vista 3
BOTTOM OF THE 4TH
Vista Panthers batting - Pitching for St Charles Sheens : LHP Jacques Lang
Batting: RHB Roberto Cruz 0-0: Ball
1-0: Ball
2-0: Foul Ball, location: 2F
2-1: Ball
3-1: Base on Balls
Batting: RHB Danny Crouch 0-0: Ball
1-0: Swinging Strike
1-1: Foul Ball, location: 2F
1-2: Ball
2-2: Ball
3-2: Strikes out swinging
Batting: RHB Alonso Sánchez 0-0: Called Strike
0-1: Called Strike
0-2: Ball
1-2: Fly out, F5 (Popup, 56S)
Batting: RHB Andrew Good 0-0: Called Strike
0-1: Foul Ball, location: 2F
0-2: Ground out 4-3 (Groundball, 4)
Bottom of the 4th over - 0 run(s), 0 hit(s), 0 error(s), 1 left on base; St Charles 0 - Vista 3
TOP OF THE 5TH
St Charles Sheens batting - Pitching for Vista Panthers : RHP Sloan Otto
Batting: LHB Katsumi Morishita 0-0: Ball
1-0: Fly out, F2 (Popup, 2LF)
Batting: RHB Júlio Hernández 0-0: Ball
1-0: Foul Ball, location: 2F
1-1: Ground out 4-3 (Groundball, 4)
Batting: RHB Guo-xiu Choi 0-0: Ball
1-0: Called Strike
1-1: Foul Ball, location: 2F
1-2: Ground out 6-3 (Groundball, 6)
Top of the 5th over - 0 run(s), 0 hit(s), 0 error(s), 0 left on base; St Charles 0 - Vista 3
BOTTOM OF THE 5TH
Vista Panthers batting - Pitching for St Charles Sheens : LHP Jacques Lang
Batting: RHB Salvador Salas 0-0: Ball
1-0: Called Strike
1-1: Swinging Strike
1-2: Ball
2-2: Ball
3-2: Fly out, F9 (Flyball, 9S)
Batting: RHB Javier Deleón 0-0: Called Strike
0-1: Ball
1-1: Ball
2-1: Ball
3-1: Base on Balls
Batting: RHB John Mendelson 0-0: Ball
1-0: Called Strike
1-1: Ball
2-1: Foul Ball, location: 2F
2-2: Ball
3-2: Foul Ball, location: 2F
3-2: Foul Ball, location: 2F
3-2: Foul Ball, location: 2F
3-2: Base on Balls
Javier Deleón to second
Batting: RHB Wilson López 0-0: Ball
1-0: Ball
2-0: Ball
3-0: Base on Balls
Javier Deleón to third
John Mendelson to second
Batting: SHB Mark Wells 0-0: Grounds into double play, 6-4-3 (Groundball, 6)
Bottom of the 5th over - 0 run(s), 0 hit(s), 0 error(s), 2 left on base; St Charles 0 - Vista 3
TOP OF THE 6TH
St Charles Sheens batting - Pitching for Vista Panthers : RHP Sloan Otto
Batting: SHB Richard Bowman 0-0: Ground out 6-3 (Groundball, 6M)
Batting: SHB Kyle MacGregor 0-0: Ball
1-0: Foul Ball, location: 2F
1-1: Swinging Strike
1-2: Ball
2-2: Foul Ball, location: 2F
2-2: Ball
3-2: Strikes out swinging
Batting: RHB Alfredo Rivera 0-0: Ball
1-0: Ground out 4-3 (Groundball, 13)
Top of the 6th over - 0 run(s), 0 hit(s), 0 error(s), 0 left on base; St Charles 0 - Vista 3
BOTTOM OF THE 6TH
Vista Panthers batting - Pitching for St Charles Sheens : LHP Jacques Lang
Batting: RHB Roberto Cruz 0-0: Ball
1-0: SOLO HOME RUN (Flyball, 7LD), Distance : 409 ft
Batting: RHB Danny Crouch 0-0: Called Strike
0-1: Foul Ball, location: 2F
0-2: Ball
1-2: Fly out, F4 (Line Drive, 4M)
Batting: RHB Alonso Sánchez 0-0: Ground out 5-3 (Groundball, 56)
Batting: RHB Andrew Good 0-0: Ball
1-0: Ground out 2-3 (Groundball, 2R)
Bottom of the 6th over - 1 run(s), 1 hit(s), 0 error(s), 0 left on base; St Charles 0 - Vista 4
TOP OF THE 7TH
St Charles Sheens batting - Pitching for Vista Panthers : RHP Sloan Otto
Batting: LHB Bob Ware 0-0: Called Strike
0-1: Foul Ball, location: 2F
0-2: DOUBLE (Line Drive, 9LM)
Batting: RHB Kel Pierce 0-0: Swinging Strike
0-1: Ball
1-1: Ball
2-1: Foul Ball, location: 2F
2-2: Ball
3-2: Strikes out swinging
Batting: LHB Jeff Carter 0-0: Called Strike
0-1: Called Strike
0-2: Hit by Pitch
Batting: LHB Katsumi Morishita 0-0: Ball
1-0: Swinging Strike
1-1: Ball
2-1: Ball
3-1: Base on Balls
Bob Ware to third
Jeff Carter to second
Batting: RHB Júlio Hernández 0-0: Ball
1-0: Called Strike
1-1: Ball
2-1: Ball
3-1: DOUBLE (Line Drive, 5D)
Bob Ware scores
Jeff Carter scores
Katsumi Morishita to third
Pinch Hitting: RHB Judson Backstrom 0-0: Ball
1-0: Ball
2-0: Ball
3-0: Base on Balls
Pinch Hitting: LHB Gene Cooper 0-0: Ball
1-0: Swinging Strike
1-1: Ball
2-1: Ball
3-1: Base on Balls
Katsumi Morishita scores
Júlio Hernández to third
Judson Backstrom to second
Pinch Hitting: LHB Marcos Cantú 0-0: Ball
1-0: Ball
2-0: Called Strike
2-1: Fly out, F6 (Popup, 56)
Batting: RHB Alfredo Rivera 0-0: Called Strike
0-1: Foul Ball, location: 2F
0-2: Ground out 6-3 (Groundball, 6)
Top of the 7th over - 3 run(s), 2 hit(s), 0 error(s), 3 left on base; St Charles 3 - Vista 4
BOTTOM OF THE 7TH
Vista Panthers batting - Pitching for St Charles Sheens : LHP Jacques Lang
Pitching: RHP Ulric Duval
Now at 2B: Gene Cooper
Now at 3B: Max Rash
Now in LF: Marcos Cantú
Batting: RHB Salvador Salas 0-0: Called Strike
0-1: Reached on Error, E7 (Flyball, 78S)
Pinch Hitting: LHB Jesús González 0-0: Ball
1-0: Sac Bunt - play at first, batter OUT! 5-4
Salvador Salas to second
Pinch Hitting: LHB Pablo Rivas 0-0: Foul Ball, location: 2F
0-1: Ball
1-1: Ground out 3-1 (Groundball, 34)
Salvador Salas to third
Pitching: LHP Shan Liu
Batting: RHB Wilson López 0-0: Called Strike
0-1: Ball
1-1: Ground out 1-3 (Groundball, 34S)
Bottom of the 7th over - 0 run(s), 0 hit(s), 1 error(s), 1 left on base; St Charles 3 - Vista 4
TOP OF THE 8TH
St Charles Sheens batting - Pitching for Vista Panthers : RHP Sloan Otto
Pitching: RHP José Betancourt
Now at SS: Carlos Carrillo
Now in RF: Jesús González
Batting: LHB Bob Ware 0-0: Ball
1-0: DOUBLE (Line Drive, 9LM)
Batting: RHB Kel Pierce 0-0: Ball
1-0: Swinging Strike
1-1: Ball
2-1: SINGLE (Line Drive, 89M)
Bob Ware to third
Pitching: RHP Cristóbal Santos
Batting: LHB Jeff Carter 0-0: Called Strike
0-1: Called Strike
0-2: Ball
1-2: Ball
2-2: Foul Ball, location: 2F
2-2: Ball
3-2: Foul Ball, location: 2F
3-2: Base on Balls
Kel Pierce to second
Pitching: LHP Xavier Velázquez
Batting: LHB Katsumi Morishita 0-0: Ball
1-0: Ball
2-0: Foul Ball, location: 2F
2-1: Swinging Strike
2-2: Strikes out swinging
Pitching: RHP António Galindo
Pinch Hitting: RHB Howard Lane 0-0: Fly out, F8 (Line Drive, 8RS)
Batting: RHB Max Rash 0-0: Ball
1-0: Swinging Strike
1-1: Ball
2-1: Swinging Strike
2-2: Foul Ball, location: 2F
Balk!
Bob Ware scores
Kel Pierce to third
Jeff Carter to second
2-2: Strikes out looking
Top of the 8th over - 1 run(s), 2 hit(s), 0 error(s), 2 left on base; St Charles 4 - Vista 4
BOTTOM OF THE 8TH
Vista Panthers batting - Pitching for St Charles Sheens : LHP Shan Liu
Now in RF: Tomás Estrada
Pinch Hitting: RHB Jason Jackson 0-0: Ball
1-0: Swinging Strike
1-1: Called Strike
1-2: Ball
2-2: Ball
3-2: Ground out 5-3 (Groundball, 56)
Batting: RHB Roberto Cruz 0-0: Called Strike
0-1: Swinging Strike
0-2: Foul Ball, location: 2F
0-2: Strikes out looking
Batting: RHB Danny Crouch 0-0: Called Strike
0-1: Reached on error, E6 (Groundball, 6M)
Batting: RHB Alonso Sánchez 0-0: Ball
1-0: Foul Ball, location: 2F
1-1: Swinging Strike
1-2: Ball
2-2: Foul Ball, location: 2F
2-2: Strikes out looking
Bottom of the 8th over - 0 run(s), 0 hit(s), 1 error(s), 1 left on base; St Charles 4 - Vista 4
TOP OF THE 9TH
St Charles Sheens batting - Pitching for Vista Panthers : RHP António Galindo
Pitching: RHP Juan Flores
Now in LF: Harry Pitts
Batting: LHB Gene Cooper 0-0: Called Strike
0-1: Swinging Strike
0-2: Foul Ball, location: 2F
0-2: Reached on error, E3 (Groundball, 34)
Batting: LHB Marcos Cantú 0-0: Called Strike
0-1: Ball
1-1: SINGLE (Line Drive, 7LS)
Gene Cooper to third
Batting: RHB Alfredo Rivera Pickoff Throw to First - Out!
0-0: Called Strike
0-1: Ball
1-1: Bunted foul
1-2: Ball
2-2: Strikes out swinging
Batting: LHB Bob Ware 0-0: Called Strike
0-1: Ball
1-1: Foul Ball, location: 2F
1-2: Ball
2-2: Ground out U3 (Groundball, 3)
Top of the 9th over - 0 run(s), 1 hit(s), 1 error(s), 1 left on base; St Charles 4 - Vista 4
BOTTOM OF THE 9TH
Vista Panthers batting - Pitching for St Charles Sheens : LHP Shan Liu
Batting: RHB Andrew Good 0-0: Ball
1-0: Ground out 4-3 (Groundball, 4)
Batting: RHB Salvador Salas 0-0: Ball
1-0: Ball
2-0: Foul Ball, location: 2F
2-1: SINGLE (Line Drive, 4)
Pitching: RHP Paco Canpos
Batting: LHB Jesús González 0-0: Foul Ball, location: 2F
0-1: Ball
1-1: Foul Ball, location: 2F
1-2: Ball
2-2: Ground out 3-1 (Groundball, 34)
Salvador Salas to second
Pinch Hitting: LHB Bob Cunningham 0-0: Ball
Wild Pitch!
Salvador Salas to third
1-0: Foul Ball, location: 2F
1-1: Swinging Strike
1-2: Strikes out swinging
Bottom of the 9th over - 0 run(s), 1 hit(s), 0 error(s), 1 left on base; St Charles 4 - Vista 4
TOP OF THE 10TH
St Charles Sheens batting - Pitching for Vista Panthers : RHP Juan Flores
Now at SS: Luis Castillo
Batting: RHB Kel Pierce 0-0: Ball
1-0: Foul Ball, location: 2F
1-1: Foul Ball, location: 2F
1-2: Ball
2-2: Ball
3-2: Base on Balls
Batting: LHB Jeff Carter 0-0: Foul Ball, location: 2F
0-1: Called Strike
0-2: Ball
1-2: Foul Ball, location: 2F
1-2: Ball
2-2: Foul Ball, location: 2F
2-2: Strikes out swinging
Batting: LHB Katsumi Morishita 0-0: Ball
1-0: Ground out 3-1 (Groundball, 34)
Kel Pierce to second
Pinch Hitting: RHB Dan Tyler 0-0: Called Strike
0-1: Ball
1-1: Ball
2-1: Ball
3-1: Base on Balls
Batting: RHB Max Rash 0-0: Called Strike
0-1: Swinging Strike
0-2: Strikes out swinging
Top of the 10th over - 0 run(s), 0 hit(s), 0 error(s), 2 left on base; St Charles 4 - Vista 4
BOTTOM OF THE 10TH
Vista Panthers batting - Pitching for St Charles Sheens : RHP Paco Canpos
Now in LF: Dan Tyler
Batting: RHB Wilson López 0-0: Ball
1-0: Foul Ball, location: 2F
1-1: Ball
2-1: Ball
3-1: Ground out 5-3 (Groundball, 56S)
Pitching: LHP Rubén Martínez
Batting: LHB Harry Pitts 0-0: Ground out U3 (Groundball, 3)
Batting: RHB Roberto Cruz 0-0: Called Strike
0-1: Foul Ball, location: 2F
0-2: Strikes out looking
Bottom of the 10th over - 0 run(s), 0 hit(s), 0 error(s), 0 left on base; St Charles 4 - Vista 4
TOP OF THE 11TH
St Charles Sheens batting - Pitching for Vista Panthers : RHP Juan Flores
Pitching: RHP Ron Henningar
Batting: LHB Gene Cooper 0-0: Called Strike
0-1: Swinging Strike
0-2: Ball
1-2: Ground out 4-3 (Groundball, 4M)
Batting: LHB Marcos Cantú 0-0: Ball
1-0: Foul Ball, location: 2F
1-1: Ground out 6-3 (Groundball, 6)
Batting: RHB Alfredo Rivera 0-0: Ball
1-0: Ball
2-0: Foul Ball, location: 2F
2-1: Foul Ball, location: 2F
2-2: Strikes out swinging
Top of the 11th over - 0 run(s), 0 hit(s), 0 error(s), 0 left on base; St Charles 4 - Vista 4
BOTTOM OF THE 11TH
Vista Panthers batting - Pitching for St Charles Sheens : LHP Rubén Martínez
Batting: RHB Danny Crouch 0-0: Ball
1-0: Foul Ball, location: 2F
1-1: Ball
2-1: Ball
3-1: Foul Ball, location: 2F
3-2: Foul Ball, location: 2F
3-2: Foul Ball, location: 2F
3-2: Base on Balls
Batting: RHB Alonso Sánchez 0-0: Sac Bunt - play at first, batter OUT! 1-4
Danny Crouch to second
Batting: RHB Andrew Good 0-0: SINGLE (Line Drive, 56D)
Danny Crouch to third
Batting: RHB Salvador Salas 0-0: Ball
1-0: Fielders Choice attempt at home, Runner SAFE. 6-2 (Groundball, 6)
This league is powered by Out of the Park Baseball, the baseball management simulation game for PC, Mac and Linux
Saturday, April 9th, 2016 - OOTP Baseball 16.8 Build 38